 Seeded DCSS version 0.30-a0-250-g41c1d76940 (webtiles) character file.

Game seed: 11836800648259413034 (custom seed)

28 hikkokomori the Insei (level 3, -3/28 HPs)
             Began as a Gnoll Transmuter on Oct 13, 2022.
             Slain by a goblin
             ... wielding a +0 dagger
             ... led by Robin
              (6 damage)
             ... on level 1 of the Dungeon.
             The game lasted 00:03:44 (762 turns).

hikkokomori the Insei (Gnoll Transmuter)             Turns: 762, Time: 00:03:44

Health: -3/28      AC:  2    Str: 11    XL:     3   Next: 14%
Magic:  9/9        EV: 13    Int: 12    God:
Gold:   77         SH:  0    Dex: 12    Spells: 11/12 levels left

rFire   . . .      SeeInvis .    f - +0 club
rCold   . . .      Faith    .    (no shield)
rNeg    . . .      Spirit   .    a - +0 robe
rPois   .          Reflect  .    (no helmet)
rElec   .          Harm     .    (no cloak)
rCorr   .          Rampage  .    (no gloves)
Will    .....                    (no boots)
Stlth   +.........               (no amulet)
HPRegen 0.24/turn                (no ring)
MPRegen 0.11/turn                (no ring)

@: no status effects
A: fangs 1, strong nose, distributed training
a: no special abilities


You were on level 1 of the Dungeon.
You visited 1 branch of the dungeon, and saw 2 of its levels.

You collected 77 gold pieces.

Inventory:

Hand Weapons
 f - a +0 club (weapon)
Armour
 a - a +0 robe (worn)
 d - a +0 buckler
 i - the +3 buckler of the Lost Emperors {rElec rF++ Will- rCorr}
   (You acquired it on level 1 of the Dungeon)

   rF:        It greatly protects you from fire.
   rElec:     It insulates you from electricity.
   rCorr:     It protects you from acid and corrosion.
   Will:      It decreases your willpower.
 j - the +1 cloak of the Furies {rCorr Int+2}
   (You acquired it on level 1 of the Dungeon)

   Int:       It affects your intelligence (+2).
   rCorr:     It protects you from acid and corrosion.
Jewellery
 k - the ring "Puakacs" {Int+3 Slay+4 Stlth+}
   (You acquired it on level 1 of the Dungeon)

   [ring of slaying]

   Int:       It affects your intelligence (+3).
   Slay:      It affects your accuracy & damage with ranged weapons and melee
   (+4).
   Stlth:     It makes you more stealthy.
Potions
 b - a potion of lignification
 c - a potion of flight {unknown}
 e - 2 potions of brilliance {unknown}
 g - a potion of curing {unknown}
 h - a potion of heal wounds {unknown}


   Skills:
 + Level 2.6 Fighting
 + Level 0.7 Short Blades
 + Level 0.7 Long Blades
 + Level 0.7 Axes
 + Level 0.7 Maces & Flails
 + Level 0.7 Polearms
 + Level 0.7 Staves
 + Level 0.7 Ranged Weapons
 + Level 0.7 Throwing
 + Level 0.7 Armour
 + Level 4.5 Dodging
 + Level 0.7 Stealth
 + Level 0.7 Shields
 + Level 6.5 Unarmed Combat
 + Level 5.0 Spellcasting
 + Level 0.5 Conjurations
 + Level 0.5 Hexes
 + Level 0.5 Summonings
 + Level 0.5 Necromancy
 + Level 0.5 Translocations
 + Level 3.7 Transmutations
 + Level 0.5 Fire Magic
 + Level 0.5 Ice Magic
 + Level 0.5 Air Magic
 + Level 0.5 Earth Magic
 + Level 0.5 Poison Magic
 + Level 0.9 Invocations
 + Level 0.7 Evocations


You had 11 spell levels left.
You knew the following spells:

 Your Spells              Type           Power      Damage    Failure   Level
a - Beastly Appendage     Tmut           24%        N/A       4%          1

Your spell library contained the following spells:

 Spells                   Type           Power      Damage    Failure   Level
 Wereblood                Tmut           12%        N/A       6%          2
 Static Discharge         Conj/Air       8%         2-3/arc   24%         2
 Sublimation of Blood     Necr           4%         N/A       24%         2
 Spider Form              Tmut/Pois      8%         N/A       26%         3
 Vhi's Electric Charge    Tloc/Air       8%         N/A       43%         3
 Ice Form                 Ice/Tmut       8%         N/A       63%         4
 Petrify                  Tmut/Erth      8%         N/A       63%         4
 Irradiate                Conj/Tmut      4%         3d13      93%         5
 Arcjolt                  Conj/Air       2%         1d12      99%         5
 Lightning Bolt           Conj/Air       2%         1d13      99%         5


Dungeon Overview and Level Annotations

Branches:
Dungeon (2/15)

Altars:

Annotations:
D:2 Robin


Innate Abilities, Weirdness & Mutations

You have very sharp teeth.
Your uncanny sense of smell can sniff out nearby items.
Your experience applies equally to all skills.


Message History

You closely miss Robin. You punch Robin, but do no damage.
Your bite misses Robin.
Robin is lightly wounded.
Robin closely misses you. The hobgoblin barely misses you.
The hobgoblin hits you! Robin hits you with a +0 club.
* * * LOW HITPOINT WARNING * * *
A goblin comes into view. It is wielding a +0 dagger.
A hobgoblin comes into view.
The hobgoblin shouts!
You hear a shout!
Unknown command.
The goblin attacks as you move away! The goblin misses you.
Robin throws the goblin at you!
* * * LOW HITPOINT WARNING * * *
There is an escape hatch in the ceiling here.
Unknown command.
Casting: Beastly Appendage (safe; 4% risk of failure)
Confirm with . or Enter, or press ? or * to list all spells.
You don't know that spell.
Unknown command.
You hit the goblin.
You kill the goblin!
The hobgoblin closely misses you. The goblin barely misses you.
Robin roars a battlecry!
The goblins go into a battle-frenzy!
Unknown command.
You miss the goblin. The hobgoblin closely misses you.
The goblin hits you with a +0 club.
* * * LOW HITPOINT WARNING * * *
Robin throws the goblin at you!
A goblin comes into view. It is wielding a +1 dagger of draining.
Unknown command.
The goblin hits you with a +0 dagger.
* * * LOW HITPOINT WARNING * * *
The hobgoblin closely misses you. The goblin closely misses you.
A mysterious force pulls you upwards. The hatch slams shut behind you.
Unknown command.
You aren't carrying any scrolls.
The goblin attacks as you move away! The goblin hits you but does no damage.
The goblin hits you with a +0 dagger.
You die...

......#####...##########
...........#.....#.....##
......####..............##
......# #....>..........#
### ......#
#...............###P##
†.....#
#..............###..P#
......#
#............##P#P...#
......#
#.....g......#P.#.P~[♣#
......#
##....g@.....#.#..~~._#
.....##
##...g.#....#.##.PP.♣#
....##
##########.P.P#P...# #####
#..####..P# #### ##P## ###


You could see a hobgoblin (strong) and 2 goblins.

Vanquished Creatures
  A dart slug (D:1)
  3 ball pythons (D:1)
  An endoplasm (D:1)
  A giant cockroach (D:1)
  3 goblins
  4 hobgoblins
  A quokka (D:1)
  4 bats
  2 frilled lizards (D:1)
  A kobold (D:1)
  5 rats (D:1)
26 creatures vanquished.

Notes
Turn   | Place    | Note
-------+----------+-------------------------------------------
     0 | D:1      | hikkokomori the Gnoll Transmuter began the quest for the
                  | Orb.
     0 | D:1      | Reached XP level 1. HP: 17/17 MP: 6/6
   138 | D:1      | Reached XP level 2. HP: 10/23 MP: 5/7
   268 | D:1      | You fall into a shaft and drop 1 floor!
   322 | D:1      | Found a faded altar of an unknown god.
   592 | D:1      | Reached skill level 5 in Spellcasting
   592 | D:1      | Reached XP level 3. HP: 25/28 MP: 7/9
   592 | D:1      | Identified 3 scrolls of acquirement
   592 | D:1      | Acquired the +1 cloak of the Furies {rCorr Int+2}
   594 | D:1      | Acquired the ring "Puakacs" {Int+3 Slay+4 Stlth+}
   596 | D:1      | Acquired the +3 buckler of the Lost Emperors {rElec rF++
                  | Will- rCorr}
   747 | D:2      | Noticed Robin
   762 | D:1      | Slain by a goblin

Illustrated notes

Levels and vault maps discovered:
D:1:      minmay_arrival_nine_rooms, layout_rooms,
          dreamdust_ecumenical_altar_hidden_monk_grotto
D:2:      layout_loops_ring, minmay_strange_pillars, uniq_robin

Skill      XL: |  1  2 |
---------------+-------+-----
Spellcasting   | 5 |  5.0
Fighting       | |  2.6
Short Blades   | |  0.7
Long Blades    | |  0.7
Axes           | |  0.7
Maces & Flails | |  0.7
Polearms       | |  0.7
Staves         | |  0.7
Ranged Weapons | |  0.7
Throwing       | |  0.7
Armour         | |  0.7
Dodging        | |  4.5
Stealth        | |  0.7
Shields        | |  0.7
Unarmed Combat | |  6.5
Conjurations   | |  0.5
Hexes          | |  0.5
Summonings     | |  0.5
Necromancy     | |  0.5
Translocations | |  0.5
Transmutations | |  3.7
Fire Magic     | |  0.5
Ice Magic      | |  0.5
Air Magic      | |  0.5
Earth Magic    | |  0.5
Poison Magic   | |  0.5
Invocations    | |  0.9
Evocations     | |  0.7

Action                   || total
-------------------------++-------
Melee: Unarmed           ||    58
       Bite              ||     5
       Punch             ||     6
       Kick              ||     4
       Headbutt          ||     4
       Club              ||    17
 Cast: Beastly Appendage ||     6
  Use: Scroll            ||     3
 Stab: Sleeping          ||     1
Armor: Robe              ||    13
Dodge: Dodged            ||    74

Table legend: (Time is in decaauts)
 A = Elapsed time spent in this place.
 B = Non-inter-level travel time spent in this place.
 C = Inter-level travel time spent in this place.
 D = Time resting spent in this place.
 E = Time spent auto-exploring this place.
 F = Levels seen in this place.
 G = Mean time per level.
                   A        B        C        D        E       F      G
               +--------+--------+--------+--------+--------+-----+--------+
         Total |    758 |    740 |     18 |      0 |    523 |   2 |  379.0 |
       Dungeon |    758 |    740 |     18 |      0 |    523 |   2 |  379.0 |
               +--------+--------+--------+--------+--------+-----+--------+

Top non-repeatable levels by time:
     D:1: 714 daAuts
     D:2: 44 daAuts
